 Dungeon Crawl Stone Soup version 0.32-a0-576-g706899e (webtiles) character file.

Game seed: 10501810213548348197

557 TheFormChanger the Changeling (level 7, -6/52 HPs)
             Began as a Green Draconian Shapeshifter on Mar 1, 2024.
             Was an Initiate of Wu Jian.
             Mangled by Pikel
             ... wielding a +2 whip of electrocution
              (15 damage)
             ... on level 4 of the Dungeon.
             The game lasted 00:05:18 (3934 turns).

TheFormChanger the Changeling (DrSh)                Turns: 3934, Time: 00:05:19

Health: -6/52      AC:  6    Str: 17    XL:     7   Next: 9%
Magic:  7/7        EV: 12    Int: 10    God:    Wu Jian [......]
Gold:   231        SH:  0    Dex: 12    Spells: 6/6 levels left

rFire   . .          .
                       - Unarmed
rCold   . . .        (no shield)
rNeg    . . .        (body armour unavailable)
rPois   +            (helmet currently unavailable)
rElec   .            (cloak currently unavailable)
rCorr   .            (gloves currently unavailable)
SInv    .            (boots currently unavailable)
Will    .....        f - amulet of magic regeneration
Stlth   +            (no ring)
HPRegen 0.28/turn    (no ring)
MPRegen 0.50/turn

%: no passive effects
@: beast-form
A: beast (slay +4), noxious breath, AC +6, unfitting armour, poison resistance,
cold-blooded
a: Noxious Breath, Begin Untransformation, Renounce Religion


You were on level 4 of the Dungeon.
You worshipped Wu Jian.
Wu Jian was noncommittal.
You were a hulking beast.
You visited 2 branches of the dungeon, and saw 5 of its levels.
You also visited: Sewer.

You collected 231 gold pieces.

Inventory:

Jewellery
 f - an amulet of magic regeneration (around neck)
Talismans
 b - a beast talisman (active)
 c - a flux talisman
Wands
 s - a wand of light (8) (quivered)
Scrolls
 d - 3 scrolls of brand weapon
 e - a scroll of vulnerability {unknown}
 l - 2 scrolls of amnesia {unknown}
 m - a scroll of enchant weapon {unknown}
 q - a scroll of poison {unknown}
 r - a scroll of teleportation {unknown}
Potions
 a - a potion of lignification
 g - 2 potions of degeneration {unknown}
 h - a potion of heal wounds {unknown}
 i - 2 potions of curing
 j - 3 potions of attraction
 k - a potion of magic {unknown}
 n - a potion of ambrosia {unknown}
 o - a potion of enlightenment {unknown}
 p - 2 potions of resistance
 t - a potion of cancellation {unknown}


   Skills:
 - Level 1.1 Fighting
 - Level 1.7 Dodging
 - Level 3.0 Unarmed Combat
 + Level 7.6 Shapeshifting


You had 6 spell levels left.
You didn't know any spells.
Your spell library contained the following spells:

 Spells                   Type           Power      Damage    Failure   Level
 Shock                    Conj/Air       0%         1d3       36%         1
 Swiftness                Air            0%         N/A       75%         3
 Airstrike                Air            0%         2d(0-16)  98%         4
 Chain Lightning          Conj/Air       0%         N/A       100%        9
 Fire Storm               Conj/Fire      0%         5d1       100%        9
 Shatter                  Erth           0%         3d5*      100%        9


Dungeon Overview and Level Annotations

Branches:
Dungeon (4/15) Zot: 20334  Temple (1/1) D:4 Zot: 5949   Sewer (visited)

Altars:
Ashenzari
Cheibriados
Dithmenos
Gozag
Hepliaklqana
Kikubaaqudgha
Qazlal
Ru
Sif Muna
Trog
Vehumet
Wu Jian
Xom
Zin
The Shining One

Annotations:
D:4 Pikel


Innate Abilities, Weirdness & Mutations

You are a hulking beast.
Your limbs bulge with bestial killing power. (Slay +4)
You can breathe blasts of noxious fumes.
Your lurid green scales are hard. (AC +6)
You cannot fit into any form of body armour.
Your system is resistant to poisons. (rPois)
You are cold-blooded and may be slowed by cold attacks.


Message History

Pikel is engulfed in noxious fumes.
Pikel appears confused.
Pikel hits you with a +2 whip of electrocution.
* * * LOW HITPOINT WARNING * * *
The lemure is engulfed in noxious fumes.
The lemure appears confused.
The lemure hits the lemure.
The lemure hits itself.
The lemure is engulfed in noxious fumes.
The lemure misses the lemure.
You take 5 HP, and have [14/52] HP
Aiming: Bolt of Light
Press: ? - help, Q - select action, (/) - cycle Shift-Dir - straight line The bolt of light hits Pikel.
Pikel is lightly wounded.
Pikel is blinded.
The bolt of light hits the lemure!
The lemure is almost dead.
The bolt of light hits the lemure!
The lemure is almost dead.
The lemure is blinded.
Pikel is engulfed in noxious fumes.
Pikel appears confused.
Pikel hits you but does no damage.
The lemure is engulfed in noxious fumes.
The lemure closely misses Pikel.
Aiming: Bolt of Light
Press: ? - help, Q - select action, (/) - cycle Shift-Dir - straight line, f - lemure
Aim: a lemure (noxious fumes, 64% to hit)
The bolt of light hits Pikel!
Pikel is heavily wounded.
The bolt of light hits the lemure!
You kill the lemure!
That felt strangely unrewarding.
The bolt of light hits the lemure!
You kill the lemure!
That felt strangely unrewarding.
The bolt of light hits the lemure!
The lemure is moderately wounded.
The lemure is blinded.
Pikel is engulfed in noxious fumes.
Pikel appears confused.
Pikel grins madly.
Pikel hits you with a +2 whip of electrocution.
* * * LOW HITPOINT WARNING * * *
You are electrocuted!
You die...

....... ....... # .......
#. ...... .##....###
......B.. #........
#########5B......
#.....hKâ—‹â—‹5â—‹â—‹....
#.....#########.. .
#.....# ###.. #.....#
...... ####..# ###......
##.### #.^...... #...###
###.#.. .. ###...#
#...#... ..
#...###.###... ..


You could see Pikel (confused, blind, unable to see you), 2 lemures and a giant
cockroach.

Vanquished Creatures
  Pargi (Sewer)
  An ogre (D:3)
  2 lemures (D:4)
  A brain worm (Sewer)
  A bombardier beetle (D:3)
  A hound (D:4)
  A jelly (Sewer)
  An orc priest (D:4)
  An orc wizard (D:4)
  7 adders
  2 ribbon worms
  8 orcs
  5 ball pythons
  7 bats
  12 endoplasms
  4 giant cockroaches
  7 goblins
  9 hobgoblins
  4 jackals (D:1)
  7 kobolds
  2 quokkas
  2 frilled lizards (D:1)
  3 rats
89 creatures vanquished.

Notes
Turn   | Place    | Note
-------+----------+-------------------------------------------
     0 | D:1      | TheFormChanger the Draconian Shapeshifter began the quest
                  | for the Orb.
     0 | D:1      | Reached XP level 1. HP: 16/16 MP: 1/1
   239 | D:1      | Reached XP level 2. HP: 23/23 MP: 2/2
   644 | D:1      | Reached skill level 4 in Shapeshifting
   669 | D:1      | Reached XP level 3. HP: 28/28 MP: 3/3
  1301 | D:2      | Found a shimmering altar of Xom.
  1335 | D:2      | Reached XP level 4. HP: 30/35 MP: 4/4
  2181 | D:3      | Noticed an ogre
  2450 | D:3      | Reached skill level 5 in Shapeshifting
  2454 | D:3      | Killed an ogre
  2455 | D:3      | Reached XP level 5. HP: 17/40 MP: 5/5
  2674 | D:3      | Found a bloodstained altar of Trog.
  2958 | D:3      | Reached skill level 6 in Shapeshifting
  3375 | D:4      | Reached XP level 6. HP: 19/47 MP: 6/6
  3435 | D:4      | Found a stormy altar of Qazlal.
  3518 | D:4      | Found a glowing drain.
  3537 | Sewer    | Entered a sewer
  3659 | Sewer    | Identified the +1 scale mail "Rifay" {rPois rN+}
  3707 | Sewer    | Noticed Pargi
  3710 | Sewer    | Killed Pargi
  3711 | Sewer    | Reached skill level 7 in Shapeshifting
  3718 | Sewer    | Your scales start taking on a lurid green colour.
  3718 | Sewer    | Reached XP level 7. HP: 50/52 MP: 7/7
  3718 | Sewer    | Gained mutation: Your system is resistant to poisons.
                  | (rPois) [Green Draconian growth]
  3778 | D:4      | Found a staircase to the Ecumenical Temple.
  3822 | Temple   | Entered the Ecumenical Temple
  3847 | Temple   | Became a worshipper of the Wu Jian Council
  3921 | D:4      | Noticed Pikel
  3934 | D:4      | Mangled by Pikel

Illustrated notes

Levels and vault maps discovered:
D:1:      dpeg_arrival_water_fire, layout_basic, serial_forest,
          infiniplex_forest_lined_3, infiniplex_forest_lined_corner,
          infiniplex_forest_clump_medium, infiniplex_forest_straight_5,
          infiniplex_forest_straight_4, infiniplex_forest_lined_room_2,
          infiniplex_forest_straight_2, palyth_stone_intersect
D:2:      layout_basic, basic_altar, nicolae_hexahallways
D:3:      layout_basic, marbit_many_paths
D:4:      layout_rooms, old_standard_altar, mainiacjoe_overflow_catwalk,
          minmay_temple_entry_junction, cheibrodos_sewer_entry_sluice,
          serial_shops, kennysheep_little_box, uniq_pikel
Temple:   minmay_temple_bridge_abc

Skill      XL: |  1  2  3  4  5  6 |
---------------+-------------------+-----
Shapeshifting  | 4 5 6 7 |  7.6
Fighting       | |  1.1
Dodging        | |  1.7
Unarmed Combat | |  3.0

Action                     |  1- 3 |  4- 6 |  7- 9 || total
---------------------------+-------+-------+-------++-------
  Melee: Unarmed           |    91 |   150 |    11 ||   252
         Tailslap          |    10 |    16 |     3 ||    29
         Punch             |       |     3 |       ||     3
Ability: Noxious Breath    |       |       |     1 ||     1
  Evoke: Wand              |       |     3 |     3 ||     6
    Use: Potion            |       |     4 |       ||     4
         Scroll            |       |     3 |       ||     3
   Stab: Sleeping          |     2 |     1 |       ||     3
 Armour: Skin              |    47 |   125 |    21 ||   193
  Dodge: Dodged            |    57 |    73 |    12 ||   142

Table legend: (Time is in decaauts)
 A = Elapsed time spent in this place.
 B = Non-inter-level travel time spent in this place.
 C = Inter-level travel time spent in this place.
 D = Time resting spent in this place.
 E = Time spent auto-exploring this place.
 F = Levels seen in this place.
 G = Mean time per level.
                   A        B        C        D        E       F      G
               +--------+--------+--------+--------+--------+-----+--------+
         Total |   3939 |   3710 |    229 |    487 |   2476 |   6 |  656.5 |
       Dungeon |   3664 |   3483 |    181 |    433 |   2403 |   4 |  916.0 |
        Temple |     50 |      2 |     48 |      0 |      0 |   1 |   50.0 |
         Sewer |    224 |    224 |      0 |     54 |     73 |   1 |  224.0 |
               +--------+--------+--------+--------+--------+-----+--------+

Top non-repeatable levels by time:
     D:2: 1369 daAuts
     D:3: 1040 daAuts
     D:1: 919 daAuts
     D:4: 335 daAuts
   Sewer: 224 daAuts
  Temple: 50 daAuts
